 Dungeon Crawl Stone Soup version 0.28-a0-980-g3664467d6e (webtiles) character file.

Game seed: 894671777165855519

21 Jannitor the Skirmisher (level 2, 0/24 HPs)
             Began as a Demonspawn Cinder Acolyte on Dec 2, 2021.
             Was a High Priest of Ignis.
             Succumbed to an adder's poison
             ... on level 2 of the Dungeon.
             The game lasted 00:01:02 (1062 turns).

Jannitor the Skirmisher (Demonspawn Cinder Acolyte) Turns: 1062, Time: 00:01:03

Health: 0/24       AC:  2    Str: 14    XL:     2   Next: 65%
Magic:  3/3        EV: 11    Int: 15    God:    Ignis [*****.]
Gold:   40         SH:  0    Dex:  8    Spells: 3/3 levels left

rFire   + . .      SeeInvis .     - Unarmed
rCold   . . .      Faith    .   (no shield)
rNeg    . . .      Spirit   .   b - +0 robe
rPois   .          Reflect  .   (no helmet)
rElec   .          Harm     .   d - scarf {shadows}
rCorr   .          Rampage  .   (no gloves)
Will    .....                   (no boots)
Stlth   +.........              (no amulet)
HPRegen 0.08/turn               (no ring)
MPRegen 0.08/turn               (no ring)

@: mighty, lethally poisoned (0 -> -12), flying
A: claws 1
a: Renounce Religion, Fiery Armour, Foxfire Swarm, Rising Flame


You were on level 2 of the Dungeon.
You worshipped Ignis.
Ignis was extremely pleased with you.
You visited 1 branch of the dungeon, and saw 2 of its levels.

You collected 40 gold pieces.

Inventory:

Hand Weapons
 a - a -1 mace of flaming
Armour
 b - a +0 robe (worn)
 d - a scarf of shadows (worn)
Scrolls
 c - a scroll of holy word {unknown}
 e - a scroll of fog {unknown}
 f - a scroll of amnesia {unknown}
 g - a scroll of noise {unknown}


   Skills:
 - Level 3.1 Fighting
 - Level 2.8 Maces & Flails
 + Level 1.0 Unarmed Combat
 - Level 1.2 Spellcasting
 - Level 3.0 Fire Magic


You had 3 spell levels left.
You didn't know any spells.
Your spell library contained the following spells:

 Spells                   Type           Power      Damage    Failure   Level
 Scorch                   Fire           18%        2d6       11%         2


Dungeon Overview and Level Annotations

Branches:
Dungeon (2/15)

Altars:


Innate Abilities, Weirdness & Mutations

You have sharp fingernails.


Message History

The adder hisses angrily.
An adder is nearby!
An adder is nearby!
You scratch the adder.
The adder is lightly wounded.
The adder misses you. The adder bites you.
You are poisoned.
The adder poisons you!
You scratch the adder but do no damage.
The adder is lightly wounded.
You feel sick. The adder bites you.
You are more poisoned.
The adder poisons you!
You miss the adder.
The adder is lightly wounded.
You feel sick. The adder closely misses you.
You closely miss the adder.
The adder is lightly wounded.
You feel sick. The adder misses you. The adder bites you.
You are lethally poisoned!
The adder poisons you!
It was a potion of might.
You feel very mighty all of a sudden.
You feel very sick. The adder barely misses you.
You miss the adder.
The adder is lightly wounded.
You feel sick. The adder bites you.
* * * LOW HITPOINT WARNING * * *
You are more poisoned.
The adder poisons you!
You scratch the adder.
The adder is heavily wounded.
* * * LOW HITPOINT WARNING * * *
You feel very sick. The adder bites you but does no damage.
The adder closely misses you.
It was a potion of flight.
You feel very buoyant.
You fly up into the air.
You die...

## #. .. ##### ..#
.# ######...####.#
..# ..........##.##
#..
..............###S♣
...............#@#
..............#.#♣
........##....###♣♣P
......#####.#.......
......# #.#####♣♣P
....<.# #.# ......#
#+# #.##### #..


You could see an adder.

Vanquished Creatures
  2 dart slugs (D:1)
  A ball python (D:1)
  2 endoplasms (D:1)
  3 giant cockroaches (D:1)
  A goblin (D:1)
  2 hobgoblins (D:1)
  2 bats (D:1)
  A frilled lizard (D:1)
  A kobold (D:1)
  A rat (D:2)
16 creatures vanquished.

Notes
Turn   | Place    | Note
-------+----------+-------------------------------------------
     0 | D:1      | Jannitor the Demonspawn Cinder Acolyte began the quest for
                  | the Orb.
     0 | D:1      | Reached XP level 1. HP: 18/18 MP: 2/2
   301 | D:1      | Discovered your monstrous ancestry.
   301 | D:1      | Gained mutation: You have sharp fingernails. [demonic
                  | ancestry]
   301 | D:1      | Reached XP level 2. HP: 20/24 MP: 3/3
   882 | D:1      | Reached skill level 1 in Unarmed Combat
  1062 | D:2      | Succumbed to an adder's poison

Illustrated notes

Levels and vault maps discovered:
D:1:      psy_arrival_basics, layout_rooms, roderic_st_hans_cross,
          grunt_decor_one_mirror
D:2:      layout_loops_corners, serial_forest, infiniplex_forest_fountain,
          infiniplex_forest_diagonal, infiniplex_forest_zigzag_1,
          infiniplex_forest_lined_3, due_unseen_surprise,
          uniq_crazy_yiuf_cottage

Skill      XL: |  1  2 |
---------------+-------+-----
Fire Magic     | 3 |  3.0
Unarmed Combat | 1 |  1.0
Fighting       | |  3.1
Maces & Flails | |  2.8
Spellcasting   | |  1.2

Action                   || total
-------------------------++-------
Melee: Mace              ||    22
       Unarmed           ||    42
  Use: Potion            ||     2
Armor: Robe              ||    11
Dodge: Dodged            ||    35

Table legend: (Time is in decaauts)
 A = Elapsed time spent in this place.
 B = Non-inter-level travel time spent in this place.
 C = Inter-level travel time spent in this place.
 D = Time resting spent in this place.
 E = Time spent auto-exploring this place.
 F = Levels seen in this place.
 G = Mean time per level.
                   A        B        C        D        E       F      G
               +--------+--------+--------+--------+--------+-----+--------+
         Total |   1066 |   1028 |     38 |    234 |    645 |   2 |  533.0 |
       Dungeon |   1066 |   1028 |     38 |    234 |    645 |   2 |  533.0 |
               +--------+--------+--------+--------+--------+-----+--------+

Top non-repeatable levels by time:
     D:1: 1034 daAuts
     D:2: 32 daAuts
